Map: Triton LE

Players

TheoRy

  • Race: Protoss Protoss
  • Spawn Location: 5:00

uThermal - Winner!

  • Race: Terran Terran
  • Spawn Location: 11:00

VOD

Have the link to the VOD?

Description

Time

  • Played on: Sept. 6, 2019, 12:15 p.m.
  • Length: 6:58
Show
View Real Time Build Order
Export as new Build Order

TheoRy Protoss 

Build Orders: 1 Gate Expand, Blink Stalkers 

Get SALT Encoding   

  12  0:01  Probe  
  13  0:13  Probe  
  14  0:17  Pylon  
  14  0:25  Probe  
  15  0:34  Probe  
  15  0:36  Gateway  
  16  0:42  Probe  
  16  0:48  Assimilator  
  17  0:53  Probe  
  18  1:05  Probe  
  19  1:17  Probe  
  20  1:24  Nexus  
  20  1:34  Cybernetics Core  
  20  1:36  Probe  
  21  1:41  Assimilator  
  21  1:48  Probe  
  21  1:51  Pylon  
  22  2:00  Probe, Stalker  
  23  2:09  Probe  
  23  2:11  Warp Gate  
  26  2:17  Probe  
  27  2:29  Probe  
  27  2:30  Stalker  
  29  2:43  Probe  
  30  2:44  Probe  
  30  2:48  Twilight Council  
  31  2:52  Probe  
  31  2:55  Probe  
  33  3:03  Blink  
  33  3:05  Probe  
  33  3:09  Probe  
  35  3:14  Gateway  
  35  3:16  Gateway  
  35  3:17  Probe  
  36  3:21  Probe  
  37  3:29  Probe  
  37  3:32  Stalker  
  38  3:34  Probe  
  39  3:42  Probe  
  39  3:46  Probe  
  39  3:48  Pylon x2  
  43  3:59  Probe  
  43  4:02  Assimilator  
  44  4:06  Robotics Facility  
  44  4:09  Probe  
  45  4:12  Stalker x3  
  45  4:15  Probe  
  52  4:20  Pylon  
  52  4:25  Probe  
  53  4:41  Stalker x3  
  56  4:57  Observer  
  56  5:00  Probe  
  56  5:04  Probe  
  56  5:05  Pylon  
  56  5:07  Stalker x3  
  58  5:29  Probe, Nexus  
  58  5:30  Probe  
  58  5:32  Pylon  
  60  5:37  Probe  
  60  5:39  Assimilator  
  60  5:40  Robotics Bay  
  60  5:42  Probe  
  62  5:46  Probe  
  48  5:51  Probe  
  49  5:58  Probe  
  49  6:00  Probe  
  51  6:08  Probe  
  51  6:10  Probe  
  51  6:11  Warp Prism  
  55  6:20  Probe  
  55  6:22  Probe  
  55  6:25  Stalker x2  
  60  6:28  Stalker  
  58  6:33  Probe  
  58  6:34  Probe  
  59  6:41  Probe  
  59  6:45  Probe  
Show
View Real Time Build Order
Export as new Build Order

uThermal Terran - Winner!

Build Orders: Reaper Expand 

Get SALT Encoding   

  12  0:01  SCV  
  13  0:13  SCV  
  14  0:17  Supply Depot  
  14  0:25  SCV  
  15  0:38  SCV  
  15  0:41  Barracks  
  16  0:43  Refinery  
  16  0:51  SCV  
  17  1:03  SCV  
  18  1:15  SCV  
  19  1:29  Orbital Command, Reaper  
  20  1:41  Command Center  
  20  1:49  Supply Depot  
  20  1:55  SCV  
  20  2:01  Marine  
  22  2:07  SCV  
  23  2:10  Factory  
  23  2:18  Refinery  
  23  2:19  SCV  
  23  2:20  Barracks Reactor  
  24  2:31  SCV  
  25  2:43  SCV  
  25  2:55  Starport, SCV  
  25  2:56  Orbital Command  
  25  2:57  Widow Mine  
  25  2:58  Marine x2  
  30  3:07  SCV  
  31  3:15  Marine x2  
  31  3:19  Widow Mine, SCV  
  36  3:21  SCV  
  37  3:29  Supply Depot  
  37  3:31  Medivac  
  37  3:32  SCV  
  37  3:33  SCV, Marine x2  
  43  3:40  Widow Mine  
  45  3:44  SCV  
  45  3:45  Supply Depot  
  46  3:51  Marine x2, SCV  
  49  3:56  SCV  
  49  3:59  Barracks  
  50  4:03  Barracks  
  50  4:04  Factory Tech Lab  
  50  4:05  Starport Tech Lab  
  50  4:06  SCV  
  50  4:09  Marine x2  
  52  4:12  SCV  
  54  4:17  Engineering Bay  
  54  4:18  SCV  
  54  4:22  Refinery  
  55  4:26  SCV  
  55  4:29  Marine  
  55  4:30  SCV, Marine  
  59  4:31  Factory Reactor  
  59  4:36  Supply Depot, Starport Reactor  
  60  4:38  SCV  
  60  4:42  SCV  
  61  4:48  Bunker  
  61  4:49  Marine  
  62  4:57  SCV  
  62  4:58  SCV, Terran Infantry Weapons Level 1  
  62  4:59  Supply Depot  
  64  5:02  Stimpack, Marine x2  
  64  5:03  Marine  
  67  5:09  Supply Depot, Marine  
  67  5:11  SCV  
  67  5:12  SCV  
  70  5:20  Marine  
  69  5:22  Marine  
  69  5:23  SCV  
  69  5:26  Widow Mine x2  
  73  5:30  Marine  
  73  5:32  Marine  
  73  5:35  SCV  
  75  5:38  Marine, SCV  
  75  5:39  Supply Depot  
  75  5:40  Marine  
  78  5:47  SCV  
  79  5:50  Marine  
  79  5:51  Marauder  
  79  5:52  Widow Mine x2  
  86  5:57  Supply Depot  
  86  6:01  Medivac  
  88  6:07  Marauder, Marine  
  88  6:08  Marine  
  92  6:13  Supply Depot  
  92  6:15  Marine  
  93  6:19  Widow Mine x2  
  93  6:23  Supply Depot  
  93  6:24  Medivac  
  93  6:25  Marine  
  100  6:32  Marine  
  101  6:33  Marauder, Marine  
Tags
 
Add a new tag
Caveats
  • Supply blocks, unpowered buildings, or Contaminate may cause inaccurate times.
  • Supply counts are checked every 10 seconds.